 Dungeon Crawl Stone Soup version 0.31.0-11-ge490571c62 (webtiles) character file.

Game seed: 2574903920773816050

2606 raph the Frost Mage (level 9, -1/48 HPs)
             Began as a Deep Elf Ice Elementalist on Jan 29, 2024.
             Was a Follower of Sif Muna.
             Slain by an orc warlord
             ... wielding a +5 battleaxe
              (12 damage)
             ... in a bailey.
             The game lasted 00:17:20 (9310 turns).

raph the Frost Mage (Deep Elf Ice Elementalist)     Turns: 9310, Time: 00:17:21

Health: -1/48      AC:  8    Str:  7    XL:     9   Next: 33%
Magic:  10/19      EV: 15    Int: 23    God:    Sif Muna [*.....]
Gold:   470        SH:  0    Dex: 21    Spells: 4/19 levels left

rFire   . . .        r - +5 quarterstaff of the Piercing Traitor {freeze, rElec rPois rN+++ Will-}
rCold   . . .        (shield currently unavailable)
rNeg    + + +        w - +1 robe {Will+}
rPois   +            (no helmet)
rElec   +            n - +2 cloak
rCorr   .            q - +1 pair of gloves
SInv    .            (no boots)
Will    +....        (no amulet)
Stlth   +++          u - ring "Moapn" {rPois Will+ Dex+6}
HPRegen 0.28/turn    a - +4 ring of slaying
MPRegen 0.16/turn

%: no passive effects
@: about to teleport
A: no striking features
a: Renounce Religion, Channel Magic


You were in a bailey.
You worshipped Sif Muna.
Sif Muna was aware of your devotion.
You visited 2 branches of the dungeon, and saw 8 of its levels.
You also visited: Bailey.

You collected 470 gold pieces.

Inventory:

Hand Weapons
 c - a +0 dagger
 d - a +0 dagger of holy wrath
 f - a +2 short sword of electrocution
 r - the +5 quarterstaff of the Piercing Traitor (weapon) {freeze, rElec rPois rN+++ Will-}
   (You found it on level 5 of the Dungeon)

   rElec:     It insulates you from electricity.
   rPois:     It protects you from poison rN+++: It renders you almost immune to
   negative energy.
   Will-:     It decreases your willpower.
Armour
 n - a +2 cloak (worn)
 q - a +1 pair of gloves (worn)
 w - a +1 robe of willpower (worn)
 x - a +2 leather armour of fire resistance
 B - a +1 leather armour of cold resistance
Magical Staves
 o - a staff of death
Jewellery
 a - a +4 ring of slaying (right hand)
 s - a ring of poison resistance
 u - the ring "Moapn" (left hand) {rPois Will+ Dex+6}
   (You acquired it on level 6 of the Dungeon)

   [ring of dexterity]

   Dex+6:     It affects your dexterity (+6).
   rPois:     It protects you from poison Will+: It increases your willpower.
Scrolls
 g - a scroll of amnesia
 i - 3 scrolls of teleportation
 y - a scroll of enchant weapon {unknown}
 z - 3 scrolls of brand weapon {unknown}
Potions
 b - a potion of magic
 e - a potion of brilliance
 h - 2 potions of might
 j - 2 potions of ambrosia
 k - a potion of lignification {unknown}
 l - a potion of enlightenment {unknown}
 m - 4 potions of curing
 p - 3 potions of heal wounds
 t - 2 potions of attraction {unknown}
 v - a potion of mutation {unknown}
 A - a potion of experience


   Skills:
 - Level 2.2 Fighting
 - Level 0.5 Armour
 - Level 4.6 Dodging
 - Level 4.9 Stealth
 + Level 5.6 Spellcasting
 * Level 4.3 Conjurations
 + Level 11.1 Ice Magic
 + Level 3.4 Invocations


You had 4 spell levels left.
You knew the following spells:

 Your Spells              Type           Power      Damage    Failure   Level
a - Freeze                Ice            100%       1d10      1%          1
b - Frozen Ramparts       Ice            100%       1d16      1%          3
c - Ozocubu's Armour      Ice            55%        N/A       1%          3
d - Summon Ice Beast      Ice/Summ       32%        N/A       2%          3
e - Freezing Cloud        Conj/Ice/Air   15%        6-21      30%         5

Your spell library contained the following spells:

 Spells                   Type           Power      Damage    Failure   Level
 Cigotuvi's Dreadful Rot  Necr/Alch/Air  12%        N/A       14%         2
 Ignite Poison            Fire/Alch      6%         N/A       65%         4
 Haunt                    Necr/Summ      3%         N/A       100%        7
 Borgnjor's Revivificati  Necr           3%         N/A       100%        8
 Death's Door             Necr           3%         N/A       100%        9


Dungeon Overview and Level Annotations

Branches:
Dungeon (7/15)             Temple (1/1) D:5          Bailey (1/1)

Altars:
Ashenzari
Cheibriados
Elyvilon
Fedhas
Gozag
Hepliaklqana
Kikubaaqudgha
Nemelex Xobeh
Okawaru
Qazlal
Ru
Sif Muna
Trog
Uskayaw
Vehumet
Wu Jian
The Shining One
Lugonu


Message History

You enter the shallow water.
Moving in this stuff is going to be slow.
Casting: Summon Ice Beast (dangerous; 2% risk of failure)
Confirm with . or Enter, or press ? or * to list all spells.
A chill wind blows around you.
Your ice beast hits the orc warlord but does no damage.
You aren't carrying any items that you can evoke.
Your ice beast hits the orc warlord but does no damage.
Your ice beast barely misses the orc warlord.
Your ice beast hits the orc warlord but does no damage.
You see here a potion of heal wounds.
p - 4 potions of heal wounds (gained 1)
You see here a +1 leather armour of cold resistance.
B - a +1 leather armour of cold resistance The orc warlord hits you with a +5 battleaxe!!
Ouch! That really hurt!
The orc warlord hits your ice beast but does no damage.
Your ice beast closely misses the orc warlord.
Your ice beast hits the orc warlord.
Your ice beast freezes the orc warlord!
Casting: Summon Ice Beast (dangerous; 2% risk of failure)
Confirm with . or Enter, or press ? or * to list all spells.
A chill wind blows around you.
Your ice beast disappears in a puff of smoke!
The orc warlord hits you with a +5 battleaxe!
The orc warlord hits your ice beast with a +5 battleaxe!
Your ice beast hits the orc warlord.
Your ice beast freezes the orc warlord.
Your ice beast hits the orc warlord.
Your ice beast freezes the orc warlord.
Your ice beast hits the orc warlord but does no damage.
The orc warlord attacks as it pursues you!
The orc warlord hits you with a +5 battleaxe!
* * * LOW HITPOINT WARNING * * *
You feel much better.
The orc warlord hits you with a +5 battleaxe!!
* * * LOW HITPOINT WARNING * * *
The orc warlord hits your ice beast with a +5 battleaxe!
Your ice beast hits the orc warlord.
Your ice beast freezes the orc warlord!
As you read the scroll of teleportation, it crumbles to dust.
You feel strangely unstable.
The orc warlord hits you with a +5 battleaxe!
You die...

##.......#######.......##
##..8..8......).)..8..8..##
#.............)...........#
#.........................#
#...8......#'''#......8...#
##.....Y####~~~####......##
♣##.....#~~~~~~~~~#.....##♣
♣.##..o.#~.8...8.~#....##.♣
♣♣..###'###.....@.###'###..♣♣
♣..)~~~.#~~.8..o8.~~#)~~~...♣
♣...~~~.#~.....Y...~#.~~~...♣
∩...~~~.#~....∩....~#.~~~...∩
♣...~~)(##.........##.~~~...♣
♣...~~()#~..8...8..~#o~~~...♣
♣♣..###)#~.........~#Y###..♣♣
♣.##...#~[.8...8..~#[..##.♣
♣##....##~~#####~~##....##♣


You could see an orc warlord (ally target) and a friendly ice beast (summoned).

Vanquished Creatures
  Jeremiah (D:6)
  A steam dragon (D:6)
  2 water moccasins (D:7)
  A sky beast (D:7)
  2 orc warriors (Bailey)
  2 black bears (D:5)
  An ogre (D:5)
  A gnoll sergeant (D:5)
  2 scorpions
  A bombardier beetle (D:6)
  4 hounds
  2 jellies
  2 orc priests
  2 sleepcaps
  2 iguanas
  2 orc wizards
  7 gnolls
  8 adders
  A shadow imp (D:5)
  3 ufetubi (D:6)
  2 ribbon worms
  2 dart slugs
  21 orcs
  11 ball pythons
  6 endoplasms
  4 giant cockroaches
  16 goblins
  9 hobgoblins
  8 jackals
  5 quokkas
  6 bats
  2 frilled lizards (D:1)
  12 kobolds
  8 rats
159 creatures vanquished.

Vanquished Creatures (collateral kills)
  2 orc warriors (Bailey)
  An ice beast (D:5)
  An ogre (D:5)
  2 phantoms
  An orc priest (D:6)
  A white imp (D:6)
  An ufetubus (D:6)
  An orc (D:6)
  A kobold (Bailey)
11 creatures vanquished.

Grand Total: 170 creatures vanquished

Notes
Turn   | Place    | Note
-------+----------+-------------------------------------------
     0 | D:1      | raph the Deep Elf Ice Elementalist began the quest for the
                  | Orb.
     0 | D:1      | Reached XP level 1. HP: 10/10 MP: 6/6
   156 | D:1      | Reached XP level 2. HP: 12/15 MP: 1/8
   795 | D:1      | Reached XP level 3. HP: 17/19 MP: 7/9
   799 | D:1      | Learned a level 3 spell: Frozen Ramparts
   803 | D:1      | Learned a level 3 spell: Ozocubu's Armour
  1139 | D:2      | Reached skill level 5 in Ice Magic
  2354 | D:3      | Reached XP level 4. HP: 24/24 MP: 3/11
  2875 | D:3      | Reached skill level 6 in Ice Magic
  2878 | D:3      | Reached XP level 5. HP: 21/28 MP: 5/12
  3646 | D:4      | Found an iron altar of Okawaru.
  3651 | D:4      | Reached skill level 7 in Ice Magic
  3900 | D:4      | Reached XP level 6. HP: 17/32 MP: 4/13
  3967 | D:4      | Found a glowing golden altar of the Shining One.
  4033 | D:4      | Found a bloodstained altar of Trog.
  4137 | D:3      | Learned a level 3 spell: Summon Ice Beast
  4203 | D:4      | Reached skill level 8 in Ice Magic
  4925 | D:5      | Entered Level 5 of the Dungeon
  5047 | D:5      | Noticed an ice beast
  5099 | D:5      | Killed an ice beast
  5100 | D:5      | Reached skill level 9 in Ice Magic
  5100 | D:5      | Reached XP level 7. HP: 36/36 MP: 11/14
  5286 | D:5      | Reached skill level 10 in Ice Magic
  5467 | D:5      | Found a staircase to the Ecumenical Temple.
  5473 | Temple   | Entered the Ecumenical Temple
  5490 | Temple   | Became a worshipper of Sif Muna the Loreminder
  5829 | D:5      | Reached skill level 1 in Invocations
  5829 | D:5      | Reached XP level 8. HP: 39/42 MP: 8/15
  6040 | D:5      | Reached skill level 1 in Fighting
  6083 | D:5      | Identified the +5 quarterstaff of the Piercing Traitor
                  | {freeze, rElec rPois rN+++ Will-}
  6542 | D:6      | Learned a level 5 spell: Freezing Cloud
  6649 | D:6      | Reached skill level 1 in Conjurations
  6649 | D:6      | Reached * piety under Sif Muna
  7040 | D:6      | Identified a scroll of acquirement
  7040 | D:6      | Acquired the ring "Moapn" {rPois Will+ Dex+6}
  7236 | D:6      | Noticed Jeremiah
  7256 | D:6      | Killed Jeremiah
  7365 | D:6      | Found a stormy altar of Qazlal.
  7955 | D:7      | Found a hide-covered altar of Uskayaw.
  8032 | D:7      | Reached skill level 5 in Spellcasting
  8032 | D:7      | Reached XP level 9. HP: 48/48 MP: 11/18
  8311 | D:7      | Found an ornate altar of the Wu Jian Council.
  8312 | D:7      | Found a radiant altar of Vehumet.
  8313 | D:7      | Found a hazy altar of Hepliaklqana.
  8319 | D:7      | Found a flagged portal.
  8355 | Bailey   | Entered a bailey
  8387 | Bailey   | Noticed an orc warlord
  8666 | Bailey   | Reached skill level 11 in Ice Magic
  8731 | Bailey   | Found a runed translucent gate.
  8733 | Bailey   | Found a runed translucent gate.
  8735 | Bailey   | Found a runed translucent gate.
  9310 | Bailey   | Slain by an orc warlord

Illustrated notes

Levels and vault maps discovered:
D:1:      dpeg_arrival_leaves_temple_mockup, layout_loops_cross, st_stairs_10,
          minivault_27, minmay_pentomino_z2
D:2:      layout_basic
D:3:      layout_loops_ring
D:4:      layout_basic, kennysheep_okawaru_gauntlet, amcnicky_altar_gilded,
          mainiacjoe_overflow_chevrons
D:5:      layout_basic, minmay_temple_entry_hall,
          serial_library_hellmonk_open_cross
D:6:      nicolae_cairo_tiling_very_big, layout_basic, marbit_many_paths,
          uniq_jeremiah
D:7:      layout_cave_pods, chequers_temple_overflow_statue_of_worship,
          kennysheep_mini, enter_bailey_5, uniq_menkaure
Temple:   corrupted_temple
Bailey:   bailey_axe_bossmonster_kennysheep, bailey

Skill      XL: |  1  2  3  4  5  6  7  8  9 |
---------------+----------------------------+-----
Stealth        | 3 4 |  4.9
Ice Magic      | 5 6 7 9 10 11 | 11.1
Dodging        | 3 4 |  4.6
Invocations    | 1 2 3 |  3.4
Fighting       | 2 |  2.2
Spellcasting   | 5 |  5.6
Conjurations   | 3 4 |  4.3
Armour         | |  0.5

Action                     |  1- 3 |  4- 6 |  7- 9 || total
---------------------------+-------+-------+-------++-------
  Melee: Dagger            |    12 |       |       ||    12
         Short sword       |     8 |    39 |    11 ||    58
         Punch             |       |     1 |       ||     1
         Quarterstaff      |       |       |    47 ||    47
   Cast: Freeze            |    38 |     7 |     2 ||    47
         Frozen Ramparts   |    14 |    29 |    37 ||    80
         Ozocubu's Armour  |     2 |     5 |    20 ||    27
         Summon Ice Beast  |       |     5 |    21 ||    26
         Freezing Cloud    |       |       |     5 ||     5
 Invoke: Channel Magic     |       |       |     1 ||     1
    Use: Scroll            |     3 |     5 |     8 ||    16
         Potion            |       |       |     1 ||     1
   Stab: Sleeping          |     2 |       |       ||     2
 Armour: Robe              |    31 |    32 |    61 ||   124
         Leather armour    |       |       |    10 ||    10
  Dodge: Dodged            |    34 |    28 |    83 ||   145
